 Dungeon Crawl Stone Soup version 0.26-a0-858-gbf766624f9 (webtiles) character file.

Game seed: 17498323166959276415

1335 robertstho the Thaumaturge (level 8, -2/43 HPs)
             Began as a Deep Elf Ice Elementalist on Nov 24, 2020.
             Shot with an arrow by a centaur (15 damage)
             ... on level 7 of the Dungeon.
             The game lasted 00:21:22 (7380 turns).

robertstho the Thaumaturge (DEIE)                   Turns: 7380, Time: 00:21:23

Health: -2/43      AC:  5    Str:  5    XL:     8   Next: 35%
Magic:  20/23      EV: 13    Int: 29    God:
Gold:   415        SH:  0    Dex: 15    Spells: 11/26 levels left

rFire    . . .     SeeInvis .   q - +0 dagger (protect)
rCold    . . .     Faith    .   (no shield)
rNeg     . . .     Spirit   .   a - +0 robe
rPois    .         Reflect  .   (no helmet)
rElec    .         Harm     .   (no cloak)
rCorr    .         Rampage  .   r - +2 pair of gloves
MR       .....                  (no boots)
Stlth    ++........             f - amulet of regeneration
HPRegen  0.54/turn              i - ring of flight
MPRegen  0.18/turn              B - +6 ring of intelligence

@: frozen ramparts, lightly drained
A: no striking features
a: Evoke Flight


You were on level 7 of the Dungeon.
You visited 1 branch of the dungeon, and saw 7 of its levels.

You collected 415 gold pieces.

Inventory:

Hand Weapons
 q - a +0 dagger of protection (weapon)
Missiles
 d - 19 poisoned darts (quivered)
Armour
 a - a +0 robe (worn)
 r - a +2 pair of gloves (worn)
Jewellery
 f - an amulet of regeneration (around neck)
 i - a ring of flight (left hand)
 B - a +6 ring of intelligence (right hand)
Wands
 w - a wand of flame (15)
 y - a wand of polymorph (13)
Scrolls
 c - a scroll of identify
 e - 2 scrolls of teleportation
 g - a scroll of amnesia {unknown}
 k - a scroll of blinking {unknown}
 l - a scroll of remove curse
 m - a scroll of enchant armour {unknown}
 p - a scroll of immolation {unknown}
 s - a scroll of fog {unknown}
 t - a scroll of enchant weapon {unknown}
 u - a scroll of fear {unknown}
 v - a scroll of magic mapping {unknown}
Potions
 b - a potion of cancellation {unknown}
 h - 2 potions of lignification
 j - a potion of brilliance
 n - 2 potions of heal wounds
 o - a potion of degeneration {unknown}
 x - a potion of resistance
 z - a potion of invisibility
 A - a potion of flight {unknown}
 C - a potion of haste {unknown}


   Skills:
 + Level 1.0(0.6) Fighting
 + Level 1.2(0.8) Short Blades
 + Level 1.1(0.7) Armour
 + Level 3.4(3.0) Dodging
 + Level 3.1(2.7) Stealth
 * Level 9.5(9.0) Spellcasting
 + Level 2.0(1.6) Summonings
 * Level 7.9(7.4) Ice Magic


You had 11 spell levels left.
You knew the following spells:

 Your Spells              Type           Power        Failure   Level
a - Freeze                Ice            ####         1%          1
b - Frozen Ramparts       Ice            ######       1%          3
c - Ozocubu's Armour      Ice            ######..     1%          3
d - Hailstorm             Conj/Ice       ####....     9%          4
e - Summon Ice Beast      Ice/Summ       #####...     6%          4

Your spell library contained the following spells:

 Spells                   Type           Power        Failure   Level


Dungeon Overview and Level Annotations

Branches:
Dungeon (7/15)
 Temple: D:4-7

Altars:
Dithmenos
Makhleb
Trog
Xom
Zin
The Shining One


Message History

You see here an arrow.
You hit the hound but do no damage.
Your weapon exudes an aura of protection.
The hound closely misses you.
The centaur shoots an arrow.
The arrow hits you. The hound barely misses you.
Unknown command.
You see here 2 arrows.
The hound barely misses you.
Casting: Frozen Ramparts (safe; 1% risk of failure)
Confirm with . or Enter, or press ? or * to list all spells.
The walls around you are covered in ice.
The wall freezes the centaur.
The centaur unwields a +0 shortbow.
The centaur hits you.
The wall freezes the hound.
The hound bites you.
The wall freezes the butterfly.
You kill the butterfly!
The wall freezes the sky beast.
The sky beast barely misses you.
The wall freezes the centaur but do no damage.
The centaur wields a +0 shortbow.
The centaur shoots an arrow.
The arrow hits you!
You die...

#.......#.#######....
##########.####.# ^...
#......###.# (.# ...
........##.# #.## ...
.........#.# ..
.........#.### ## ..
$.......c#...#....
.......5h.(....#
.......(Y#@#.$.# #..
......<..#.#..##########..
......s.##.#..# #........#
......>..#.# .# #........#
.........#.# .#
#...>....## .........#.#
#........#. ..!.....)#..
.[.......#. .........#..
.........†. ........†##


You could see a centaur, a hound and a white imp.

Vanquished Creatures
  Sigmund (D:6)
  A sky beast (D:7)
  A black bear (D:6)
  An ogre (D:6)
  4 scorpions (D:5)
  A hound (D:6)
  An orc priest (D:3)
  Ijyb (D:4)
  3 worker ants
  15 adders
  6 gnolls
  A white imp (D:5)
  An adder skeleton (D:5)
  5 worms
  2 dart slugs (D:1)
  5 leopard geckos
  13 orcs
  10 bats
  4 giant cockroaches
  10 goblins
  6 hobgoblins
  3 jackals (D:7)
  2 quokkas
  3 frilled lizards
  8 kobolds
  13 rats
  A butterfly (D:7)
122 creatures vanquished.

Vanquished Creatures (collateral kills)
  A phantom (D:6)
  A bullfrog (D:6)
  6 wights (D:6)
  2 howler monkey zombies
  A shadow imp (D:5)
11 creatures vanquished.

Vanquished Creatures (others)
  21 fungi (D:5)
21 creatures vanquished.

Grand Total: 154 creatures vanquished

Notes
Turn   | Place    | Note
-------+----------+-------------------------------------------
     0 | D:1      | robertstho the Deep Elf Ice Elementalist began the quest
                  | for the Orb.
     0 | D:1      | Reached XP level 1. HP: 10/10 MP: 6/6
   421 | D:1      | Reached XP level 2. HP: 11/15 MP: 6/8
   503 | D:1      | Reached skill level 5 in Ice Magic
  1245 | D:1      | Reached XP level 3. HP: 19/19 MP: 10/10
  2379 | D:2      | Reached skill level 4 in Spellcasting
  2507 | D:2      | Reached XP level 4. HP: 14/24 MP: 3/12
  2844 | D:2      | Learned a level 3 spell: Frozen Ramparts
  2848 | D:2      | Learned a level 3 spell: Ozocubu's Armour
  2922 | D:3      | Found a shimmering altar of Xom.
  3390 | D:3      | Found a glowing golden altar of the Shining One.
  3699 | D:3      | Reached XP level 5. HP: 17/28 MP: 10/14
  3912 | D:3      | Noticed a moth of wrath
  3917 | D:3      | Found a bloodstained altar of Trog.
  4044 | D:3      | Reached skill level 5 in Spellcasting
  4605 | D:4      | Found a shadowy altar of Dithmenos.
  4732 | D:4      | Noticed Ijyb
  4740 | D:4      | Killed Ijyb
  4831 | D:4      | You fall into a shaft and drop 3 floors!
  4833 | D:7      | Found a burning altar of Makhleb.
  4865 | D:6      | Reached XP level 6. HP: 22/32 MP: 10/16
  4923 | D:6      | Reached skill level 6 in Spellcasting
  4964 | D:5      | Entered Level 5 of the Dungeon
  5001 | D:5      | Learned a level 4 spell: Hailstorm
  5312 | D:5      | Learned a level 4 spell: Summon Ice Beast
  5813 | D:5      | Found a glowing silver altar of Zin.
  6123 | D:5      | Reached XP level 7. HP: 30/36 MP: 12/19
  6125 | D:5      | Reached skill level 1 in Short Blades
  6125 | D:5      | Reached skill level 7 in Spellcasting
  6179 | D:5      | Reached skill level 1 in Summonings
  6195 | D:5      | Reached skill level 1 in Armour
  6491 | D:6      | Noticed Sigmund
  6499 | D:6      | Killed Sigmund
  6546 | D:6      | Reached skill level 8 in Spellcasting
  6705 | D:6      | Reached XP level 8. HP: 35/42 MP: 15/22
  6789 | D:6      | Reached skill level 9 in Spellcasting
  6856 | D:6      | Reached skill level 1 in Fighting
  7380 | D:7      | Shot with an arrow by a centaur

Illustrated notes

Levels and vault maps discovered:
D:1:      dpeg_arrival_tiny_a, layout_loops_corners, minmay_split_cup_small
D:2:      layout_loops_cross, st_stairs_11
D:3:      minmay_spotlight, layout_basic, nicolae_tso_carved_into_rock,
          overflow_temple_1_default, tgw_trog
D:4:      layout_loops_ring, nicolae_dithmenos_through_a_glass_darkly, uniq_ijyb
D:5:      old_forge, layout_basic, lemuel_doored_altar
D:6:      layout_basic, uniq_sigmund
D:7:      minmay_cornered_nines, layout_rooms, kennysheep_mini_moat,
          minmay_temple_entry_butterflies, minmay_misc_feat_more_columns

Skill      XL: |  1  2  3  4  5  6  7  8 |
---------------+-------------------------+-----
Ice Magic      | 5 6 7 |  7.9
Spellcasting   | 4 5 6 8 9 |  9.5
Dodging        | 3 |  3.4
Stealth        | 3 |  3.1
Short Blades   | 1 |  1.2
Summonings     | 1 2 |  2.0
Armour         | 1 |  1.1
Fighting       | 1 |  1.0

Action                   |  1- 3 |  4- 6 |  7- 9 || total
-------------------------+-------+-------+-------++-------
Melee: Unarmed           |    20 |       |       ||    20
       Dagger            |    76 |   112 |    23 ||   211
 Cast: Freeze            |    48 |    15 |       ||    63
       Frozen Ramparts   |       |    29 |    11 ||    40
       Summon Ice Beast  |       |     4 |    12 ||    16
Evoke: Wand              |       |     1 |       ||     1
  Use: Scroll            |       |     9 |       ||     9
 Stab: Sleeping          |     5 |     3 |       ||     8
Armor: Robe              |    35 |    14 |    11 ||    60
       Ring mail         |       |    71 |       ||    71
Dodge: Dodged            |   112 |   110 |    28 ||   250

Table legend: (Time is in decaauts)
 A = Elapsed time spent in this place.
 B = Non-inter-level travel time spent in this place.
 C = Inter-level travel time spent in this place.
 D = Time resting spent in this place.
 E = Time spent auto-exploring this place.
 F = Levels seen in this place.
 G = Mean time per level.
                   A        B        C        D        E       F      G
               +--------+--------+--------+--------+--------+-----+--------+
         Total |   7377 |   7131 |    246 |    757 |   4922 |   7 | 1053.9 |
       Dungeon |   7377 |   7131 |    246 |    757 |   4922 |   7 | 1053.9 |
               +--------+--------+--------+--------+--------+-----+--------+

Top non-repeatable levels by time:
     D:1: 1995 daAuts
     D:5: 1524 daAuts
     D:3: 1456 daAuts
     D:6: 945 daAuts
     D:2: 868 daAuts
     D:4: 511 daAuts
     D:7: 76 daAuts
